 Dungeon Crawl Stone Soup version 0.25-a0-869-g05d4e06a41 (webtiles) character file.

Game seed: 2806176295191894673, levelgen mode: deterministic

1191 UnrealQW the Slasher (level 8, -3/61 HPs)
             Began as a Barachi Skald on May 1, 2020.
             Was a Believer of Wu Jian.
             Slain by an orc warrior
             ... wielding a +0 glaive
              (22 damage)
             ... on level 6 of the Dungeon.
             The game lasted 01:19:57 (7614 turns).

UnrealQW the Slasher (Barachi Skald)                Turns: 7614, Time: 01:19:58

Health: -3/61      AC: 10    Str: 15    XL:     8   Next: 43%
Magic:  10/13      EV: 11    Int: 14    God:    Wu Jian [**....]
Gold:   308        SH:  0    Dex: 11    Spells: 9/14 levels left

rFire    . . .     SeeInvis .   b - +0 falchion
rCold    . . .     Gourm    .   (no shield)
rNeg     . . .     Faith    .   m - +0 ring mail
rPois    +         Spirit   .   o - +0 helmet
rElec    .         Reflect  .   g - +2 cloak
rCorr    .         Harm     .   (no gloves)
MR       .....                  (no boots)
Stlth    ++........             (no amulet)
HPRegen  0.20/turn              e - ring of poison resistance
MPRegen  0.13/turn              f - ring of stealth

@: infused, can't hop, very slightly contaminated, drained, slow
A: +LOS, swims, slowness 1, strong legs 1
a: Hop, Wall Jump, Renounce Religion


You were on level 6 of the Dungeon.
You worshipped Wu Jian.
Wu Jian was pleased with you.
You were not hungry.

You visited 2 branches of the dungeon, and saw 7 of its levels.

You collected 308 gold pieces.

Inventory:

Hand Weapons
 b - a +0 falchion (weapon)
Missiles
 t - 4 atropa-tipped darts (quivered)
Armour
 g - a +2 cloak (worn)
 m - a +0 ring mail (worn)
 o - a +0 helmet (worn)
Jewellery
 e - a ring of poison resistance (left hand)
 f - a ring of stealth (right hand)
 s - an uncursed ring of protection from magic
Scrolls
 h - 2 scrolls of fog
 i - 2 scrolls of teleportation
 j - 3 scrolls of identify
 k - a scroll of amnesia
 n - 4 scrolls of remove curse
 u - a scroll of random uselessness {unknown}
 v - 3 scrolls of noise {unknown}
Potions
 l - 3 potions of curing
 p - a potion of magic {unknown}
 q - 2 potions of mutation {unknown}
 r - a potion of degeneration {unknown}
Comestibles
 d - 11 rations
 w - 3 chunks of flesh


   Skills:
 + Level 4.8(4.2) Fighting
 + Level 6.7(6.1) Long Blades
 * Level 5.6(5.0) Armour
 + Level 3.6(3.0) Dodging
 + Level 2.0(1.4) Stealth
 + Level 3.6(3.0) Spellcasting
 + Level 4.7(4.1) Charms
 + Level 0.2(0.0) Translocations


You had 9 spell levels left.
You knew the following spells:

 Your Spells              Type           Power        Failure   Level  Hunger
a - Infusion              Chrm           ##..         7%          1    #......
b - Song of Slaying       Chrm           ##......     11%         2    ##.....
c - Shroud of Golubria    Chrm/Tloc      #.....       26%         2    ##.....

Your spell library contained the following spells:

 Spells                   Type           Power        Failure   Level  Hunger
 Animate Skeleton         Necr           N/A          36%         1    #......
 Pain                     Necr           #...         36%         1    #......
 Ozocubu's Armour         Chrm/Ice       #.......     45%         3    ###....
 Spectral Weapon          Hex/Chrm       #.......     45%         3    ###....
 Vampiric Draining        Necr           #.........   75%         3    ###....
 Animate Dead             Necr           N/A          98%         4    #####..
 Agony                    Necr           #.......     100%        5    ######.


Dungeon Overview and Level Annotations

Branches:
Dungeon (6/15)             Temple (1/1) D:4

Altars:
Ashenzari
Cheibriados
Elyvilon
Fedhas
Hepliaklqana
Kikubaaqudgha
Makhleb
Okawaru
Qazlal
Ru
Trog
Vehumet
Wu Jian
Yredelemnul
The Shining One

Shops:
D:5 }

Annotations:
D:4 2 transporters, kelmiir's ghost, novice GnSk
D:6 exclusion: statue


Innate Abilities, Weirdness & Mutations

You can be seen from farther away. (+LOS)
You can swim through water.
You cover ground slowly.
You can hop short distances.


Message History

Confirm with . or Enter, or press ? or * to list all spells.
You miscast Shroud of Golubria.
You are very lightly contaminated with residual magic.
Nothing appears to happen.
There is nothing to wall jump against here.
The orc warrior hits you with a +0 glaive.
* * * LOW HITPOINT WARNING * * *
Aiming: Wall Jump
Press: ? - help, Dir - move target cursor You cannot wall jump against the floor.
You cannot wall jump against the floor.
Press: ? - help, v - describe, . - travel
Here: an orc warrior, wielding a +0 glaive and wearing a +0 chain mail (lightly wounded)
The floor, spattered with blood.
You feel better.
The orc warrior hits you with a +0 glaive.
You closely miss the orc warrior.
The orc warrior is lightly wounded.
The orc warrior hits you with a +0 glaive!!
You die...

...........# #.#
##.####..#.# #.# #.#
#..#.# #.###### #.#
#.##.## #...<..#
#.####.....# ######.#
#.##...##..# #.#
#.##.####..# #.#
##.##.# #..# #.#
#######..##.# #@.# #.#
............####o.####
#.#
#######..............#
#.# #.###.######.#.#
#.# #.# #.# .#
#########.# #.# #[# .#
..>.......# #.# #.# .#
###########
#######.###)######.#.#
..............o..o...#


You could see an orc warrior.

Vanquished Creatures
  A centaur (D:6)
  A bullfrog (D:6)
  4 scorpions
  A centaur zombie (D:5)
  3 howler monkeys
  2 crimson imps
  A hound (D:5)
  Crazy Yiuf (D:2)
  A jelly (D:6)
  An orc priest (D:6)
  2 iguanas
  4 orc wizards
  4 worker ants
  6 gnolls
  6 adders
  A shadow imp (D:6)
  6 worms
  2 dart slugs
  4 leopard geckos
  10 orcs
  5 giant cockroaches
  10 goblins
  4 hobgoblins
  12 jackals
  7 kobolds
  5 quokkas
  3 ball pythons
  10 bats
  4 frilled lizards
  A leopard gecko skeleton (D:5)
  2 quokka skeletons
  5 rats
129 creatures vanquished.

Notes
Turn   | Place    | Note
-------+----------+-------------------------------------------
     0 | D:1      | UnrealQW the Barachi Skald began the quest for the Orb.
     0 | D:1      | Reached XP level 1. HP: 17/17 MP: 3/3
   294 | D:1      | Reached XP level 2. HP: 7/23 MP: 5/5
  1225 | D:1      | Reached skill level 3 in Long Blades
  1247 | D:1      | Reached XP level 3. HP: 27/28 MP: 6/6
  1916 | D:3      | Reached XP level 4. HP: 34/34 MP: 2/7
  2496 | D:2      | Found an iron altar of Okawaru.
  2766 | D:2      | Reached skill level 4 in Long Blades
  2766 | D:2      | Reached XP level 5. HP: 20/41 MP: 7/9
  2925 | D:2      | Found a runed translucent door.
  2926 | D:2      | Noticed Crazy Yiuf
  2937 | D:2      | Killed Crazy Yiuf
  3376 | D:3      | Reached XP level 6. HP: 27/48 MP: 6/10
  3549 | D:3      | Found an ornate altar of the Wu Jian Council.
  3561 | D:3      | Became a worshipper of the Wu Jian Council
  3590 | D:3      | Found a shattered altar of Ashenzari.
  4374 | D:4      | Found a transporter.
  4374 | D:4      | Noticed kelmiir's ghost (novice GnSk)
  4495 | D:4      | Found a blossoming altar of Fedhas.
  4546 | D:4      | Found a staircase to the Ecumenical Temple.
  4563 | Temple   | Entered the Ecumenical Temple
  4909 | D:4      | Reached * piety under Wu Jian
  4922 | D:4      | Found a transporter.
  4944 | D:4      | Learned a level 2 spell: Song of Slaying
  4947 | D:4      | Learned a level 2 spell: Shroud of Golubria
  4993 | D:4      | Reached skill level 1 in Stealth
  5056 | D:5      | Entered Level 5 of the Dungeon
  5133 | D:4      | Found a snail-covered altar of Cheibriados.
  5253 | D:4      | Reached skill level 5 in Long Blades
  5393 | D:5      | Found Sopsack's Gadget Shoppe.
  5593 | D:4      | Reached XP level 7. HP: 49/54 MP: 4/11
  6933 | D:6      | Reached skill level 5 in Armour
  7101 | D:6      | Reached XP level 8. HP: 61/61 MP: 13/13
  7110 | D:6      | Reached skill level 6 in Long Blades
  7156 | D:6      | Found a radiant altar of Vehumet.
  7550 | D:6      | Reached ** piety under Wu Jian
  7614 | D:6      | Slain by an orc warrior

Levels and vault maps discovered:
D:1:      scummos_arrival_forest, layout_basic
D:2:      layout_rooms, kennysheep_okawaru_gauntlet, first_ration,
          hangedman_glass_teeth, kennysheep_generic_room_12,
          uniq_crazy_yiuf_cottage
D:3:      layout_loops_ring, lemuel_round_altar, lemuel_round_altar, hex_tiny
D:4:      layout_loops_ring, overflow_temple_1_default, kennysheep_mini,
          minmay_temple_entry_mist, gammafunk_ghost_mausoleum
D:5:      layout_loops_corners, serial_shops, kennysheep_little_box
D:6:      layout_loops_ring, vehumet_statue, zin_statuary, kennysheep_mini_moat,
          gammafunk_ghost_arena
Temple:   compressed_dpeg_triangle_lava_temple

Skill      XL: |  1  2  3  4  5  6  7  8 |
---------------+-------------------------+-----
Long Blades    | 3 4 5 6 |  6.7
Armour         | 2 3 5 |  5.6
Fighting       | 3 4 |  4.8
Charms         | 4 |  4.7
Dodging        | 3 |  3.6
Stealth        | 1 2 |  2.0
Spellcasting   | 3 |  3.6
Translocations | |  0.2

Action                   |  1- 3 |  4- 6 |  7- 9 || total
-------------------------+-------+-------+-------++-------
Melee: Falchion          |    80 |   271 |   211 ||   562
Throw: Dart              |       |       |     1 ||     1
 Cast: Infusion          |     8 |    24 |    16 ||    48
       Shroud of Golubri |       |     2 |       ||     2
Invok: Lunge             |       |     6 |    12 ||    18
 Abil: Hop               |       |     1 |     6 ||     7
  Use: Potion            |     3 |     2 |     2 ||     7
       Scroll            |     2 |     5 |     1 ||     8
 Stab: Sleeping          |       |     1 |     6 ||     7
  Eat: Chunk             |     4 |     9 |     9 ||    22
       Ration            |       |     1 |       ||     1
Armor: Leather armour    |    29 |       |       ||    29
       Ring mail         |     4 |   103 |    81 ||   188
Dodge: Dodged            |    50 |   160 |    95 ||   305
       Rpst.: Falchion   |    21 |    54 |    23 ||    98

Table legend:
 A = Non-vault XP
 B = Vault XP
 C = Vault XP percentage of total XP
 D = Non-vault monster count
 E = Vault monster count
 F = Vault count percentage of total count
                 A         B        C        D         E       F
            +---------+---------+-------+---------+---------+-------
      Total |    1652 |      50 |   2.9 |     125 |       4 |   3.1
            +---------+---------+-------+---------+---------+-------
        D:1 |      35 |       0 |   0.0 |      24 |       0 |   0.0
        D:2 |     209 |      50 |  19.3 |      30 |       4 |  11.8
        D:3 |     133 |       0 |   0.0 |      14 |       0 |   0.0
        D:4 |     266 |       0 |   0.0 |      24 |       0 |   0.0
        D:5 |     453 |       0 |   0.0 |      19 |       0 |   0.0
        D:6 |     556 |       0 |   0.0 |      14 |       0 |   0.0
            +---------+---------+-------+---------+---------+-------
